 Dungeon Crawl Stone Soup version 0.31-a0-219-g8d62b2e7bb (webtiles) character file.

Game seed: 6511436416806465032

1576 Hubris850 the Nimble (level 8, -2/58 HPs)
             Began as a Merfolk Gladiator on July 3, 2023.
             Was an Initiate of Yredelemnul.
             Slain by an iguana (8 damage)
             ... on level 6 of the Dungeon.
             The game lasted 00:10:27 (4528 turns).

Hubris850 the Nimble (Merfolk Gladiator)            Turns: 4528, Time: 00:10:27

Health: -2/58      AC:  8    Str: 14    XL:     8   Next: 91%
Magic:  8/8        EV: 15    Int: 12    God:    Yredelemnul [......]
Gold:   393        SH: 11    Dex: 21    Spells: 7/7 levels left

rFire   . . .        p - +8 rapier of Honesty {flame, Int+3 Dex+5}
rCold   . . .        m - +0 kite shield
rNeg    . . .        y - +3 leather armour
rPois   .            c - +0 helmet
rElec   .            (no cloak)
rCorr   .            (no gloves)
SInv    .            o - +0 pair of boots
Will    .....        (no amulet)
Stlth   ++           f - ring of wizardry
HPRegen 0.29/turn    u - +4 ring of slaying
MPRegen 0.11/turn

%: wizardry (x1)
@: lethally poisoned (-2 -> -6)
A: (nimble swimmer 2), mertail
a: Renounce Religion, Recall Undead Harvest


You were on level 6 of the Dungeon.
You worshipped Yredelemnul.
Yredelemnul was noncommittal.
You visited 1 branch of the dungeon, and saw 6 of its levels.

You collected 393 gold pieces.

Inventory:

Hand Weapons
 a - a +0 long sword
 p - the +8 rapier of Honesty (weapon) {flame, Int+3 Dex+5}
   (You took it off a kobold on level 2 of the Dungeon)

   Int:       It affects your intelligence (+3).
   Dex:       It affects your dexterity (+5).
Missiles
 d - 3 throwing nets
 e - 3 boomerangs (quivered)
 i - 6 poisoned darts
 A - a javelin
Armour
 b - a +0 leather armour
 c - a +0 helmet (worn)
 m - a +0 kite shield (worn)
 o - a +0 pair of boots (worn)
 y - a +3 leather armour (worn)
 N - the +1 scale mail of the Lion {Int+4 Dex-5 Slay+3}
   (You found it on level 6 of the Dungeon)

   Int:       It affects your intelligence (+4).
   Dex:       It affects your dexterity (-5).
   Slay:      It affects your accuracy & damage with ranged weapons and melee
   (+3).
Magical Staves
 v - a staff of conjuration
 z - a staff of earth
Jewellery
 f - a ring of wizardry (left hand)
 u - a +4 ring of slaying (right hand)
 B - a ring of flight
 M - a +4 ring of protection
Wands
 G - a wand of charming (20)
Scrolls
 g - 2 scrolls of noise {unknown}
 h - a scroll of butterflies {unknown}
 j - 6 scrolls of identify {unknown}
 l - 4 scrolls of enchant weapon {unknown}
 q - a scroll of fog {unknown}
 s - 4 scrolls of teleportation {unknown}
 t - a scroll of revelation {unknown}
 D - a scroll of vulnerability {unknown}
 F - a scroll of fear {unknown}
 J - a scroll of enchant armour {unknown}
 K - a scroll of amnesia {unknown}
Potions
 k - a potion of attraction {unknown}
 n - a potion of heal wounds {unknown}
 r - 3 potions of curing {unknown}
 w - a potion of berserk rage {unknown}
 x - 2 potions of brilliance {unknown}
 C - a potion of cancellation {unknown}
 E - 2 potions of might
 H - a potion of magic {unknown}
 I - a potion of haste {unknown}
 L - 2 potions of invisibility {unknown}


   Skills:
 - Level 3.0 Fighting
 + Level 5.9(6.5) Short Blades
 - Level 4.0(5.5) Long Blades
 + Level 5.7 Throwing
 + Level 8.2 Dodging
 + Level 5.0 Shields


You had 7 spell levels left.
You didn't know any spells.
Your spell library contained the following spells:

 Spells                   Type           Power      Damage    Failure   Level
 Static Discharge         Conj/Air       0%         2-2/arc   56%         2
 Call Canine Familiar     Summ           0%         N/A       80%         3
 Portal Projectile        Hex/Tloc       0%         N/A       80%         3
 Tukima's Dance           Hex            0%         N/A       80%         3
 Airstrike                Air            0%         2d(0-16)  99%         4
 Leda's Liquefaction      Hex/Erth       0%         N/A       99%         4
 Summon Lightning Spire   Summ/Air       0%         N/A       99%         4
 Blade Hands              Tmut           0%         N/A       100%        5


Dungeon Overview and Level Annotations

Branches:
Dungeon (6/15)             Temple (0/1) D:4

Altars:
Cheibriados
Kikubaaqudgha
Makhleb
Ru
Yredelemnul
Zin
The Shining One

Shops:
D:5 !=   D:6 ?


Innate Abilities, Weirdness & Mutations

((You are very nimble when in or above water. (Stealth+, EV+, Speed+++)))
Your lower body shifts to a powerful aquatic tail in water.


Message History

Your ice beast zombie is destroyed!
Your orc zombie barely misses the ogre.
You feel very sick.
Your orc zombie hits the jelly.
Your orc zombie is burned by acid!
Your orc zombie is destroyed!
The ogre shouts!
Throw: 3 boomerangs
Press: ? - help, Q - select action, (/) - cycle Shift-Dir - straight line, f - jelly
Aim: a jelly (lightly wounded, 91% to hit)
You throw a boomerang. The boomerang hits the jelly!
The jelly is severely wounded.
You feel very sick.
The ogre hits your orc wizard zombie with a +0 giant club!!
Your orc wizard zombie is destroyed!
Your orc zombie hits the ogre but does no damage. x2
Throw: 3 boomerangs
Press: ? - help, Q - select action, (/) - cycle Shift-Dir - straight line, f/p - jelly
Aim: a jelly (severely wounded, 91% to hit)
Okay, then.
You hit the jelly. You burn the jelly.
Your hands burn!
* * * LOW HITPOINT WARNING * * *
The jelly is almost dead.
* * * LOW HITPOINT WARNING * * *
You feel sick. You block the jelly's attack.
Unknown command.
You puncture the jelly! You burn the jelly.
You kill the jelly!
* * * LOW HITPOINT WARNING * * *
You feel sick.
The iguana bites you but does no damage.
Your orc zombie barely misses the ogre.
Your Shields skill increases to level 5!
Okay, then.
You puncture the iguana! You burn the iguana.
The iguana is severely wounded.
* * * LOW HITPOINT WARNING * * *
You feel sick. The iguana bites you!
You die...
Your body rises from the dead as a mindless zombie.

#...# ###Z..#...... #####
##.........
#####.......... . ##
##.#............ ..
##>####.......##......
...#..#..##..............
#.................#......
##...Z......#..##.###....
......)O@...##.##..#.....
.......l...###..#.##..#.#
...$..............Z..##..
..>.###....####...####...
... #..#.# #...# ##... ..
...#... ##..# #.... .
........#...###....
##...........##.....
.#...##.....


You could see an ogre (ally target), an iguana and a friendly orc zombie.

Vanquished Creatures
  Sigmund (D:5)
  2 water moccasins
  An ice beast (D:6)
  Duvessa (D:4)
  A black bear (D:5)
  2 ogres
  3 scorpions
  Dowan (D:4)
  3 hounds
  4 orc priests
  A jelly (D:6)
  Jessica (D:3)
  Ijyb (D:4)
  An iguana (D:5)
  An orc wizard (D:6)
  5 adders
  A white imp (D:6)
  3 dart slugs
  16 orcs
  6 bats
  11 endoplasms
  A giant cockroach (D:1)
  2 goblins
  6 hobgoblins
  4 jackals (D:1)
  7 kobolds
  2 quokkas
  5 ball pythons
  2 frilled lizards (D:1)
  A rat (D:1)
96 creatures vanquished.

Vanquished Creatures (collateral kills)
  An orc wizard (D:5)
  2 orcs (D:3)
  A goblin (D:3)
  A ball python (D:3)
  A rat (D:3)
6 creatures vanquished.

Vanquished Creatures (others)
  A water moccasin zombie (D:6)
  An ice beast zombie (D:6)
  An adder zombie (D:4)
  A human zombie (D:5)
  A bat zombie (D:3)
  A goblin zombie (D:3)
  2 hobgoblin zombies (D:3)
  7 orc zombies
15 creatures vanquished.

Grand Total: 117 creatures vanquished

Notes
Turn   | Place    | Note
-------+----------+-------------------------------------------
     0 | D:1      | Hubris850 the Merfolk Gladiator began the quest for the
                  | Orb.
     0 | D:1      | Reached XP level 1. HP: 16/16 MP: 1/1
    82 | D:1      | Reached XP level 2. HP: 23/23 MP: 2/2
   504 | D:1      | Reached XP level 3. HP: 28/28 MP: 3/3
   888 | D:2      | Found a basalt altar of Yredelemnul.
   971 | D:2      | Identified the +8 rapier of Honesty {flame, Int+3 Dex+5}
  1237 | D:2      | Reached XP level 4. HP: 32/35 MP: 4/4
  1248 | D:2      | Became a worshipper of Yredelemnul the Dark
  1701 | D:3      | Found an ancient bone altar of Kikubaaqudgha.
  1797 | D:3      | Reached skill level 1 in Shields
  1840 | D:3      | Reached * piety under Yredelemnul
  1859 | D:3      | Reached skill level 1 in Short Blades
  1859 | D:3      | Reached skill level 5 in Dodging
  1864 | D:3      | Reached XP level 5. HP: 38/41 MP: 5/5
  1903 | D:3      | Found a glowing silver altar of Zin.
  1905 | D:3      | Found a sacrificial altar of Ru.
  2355 | D:3      | Noticed Jessica
  2359 | D:3      | Killed Jessica
  2504 | D:3      | Found a burning altar of Makhleb.
  2506 | D:3      | Found a glowing golden altar of the Shining One.
  2508 | D:3      | Found a snail-covered altar of Cheibriados.
  2658 | D:4      | Reached XP level 6. HP: 47/47 MP: 6/6
  2706 | D:4      | Found a staircase to the Ecumenical Temple.
  2713 | D:4      | Noticed Dowan
  2715 | D:4      | Noticed Duvessa
  2721 | D:4      | Killed Duvessa
  2725 | D:4      | Killed Dowan
  3250 | D:4      | Noticed Ijyb
  3259 | D:4      | Killed Ijyb
  3260 | D:4      | Reached skill level 6 in Dodging
  3457 | D:5      | Entered Level 5 of the Dungeon
  3457 | D:5      | Found Arixanim's Jewellery Shop.
  3463 | D:5      | Reached XP level 7. HP: 50/52 MP: 7/7
  3486 | D:5      | Noticed Sigmund
  3500 | D:5      | Killed Sigmund
  3847 | D:5      | Your ally Sigmund died
  3849 | D:5      | Reached skill level 7 in Dodging
  3850 | D:5      | Reached XP level 8. HP: 57/58 MP: 8/8
  3852 | D:5      | Found Kockiog's Distillery.
  3941 | D:5      | Reached skill level 5 in Throwing
  4058 | D:5      | Reached ** piety under Yredelemnul
  4059 | D:5      | Reached skill level 5 in Short Blades
  4214 | D:6      | Found Ratut's Magic Scroll Shop.
  4339 | D:6      | Identified the +1 scale mail of the Lion {Int+4 Dex-5
                  | Slay+3}
  4521 | D:6      | Reached skill level 8 in Dodging
  4528 | D:6      | Reached skill level 5 in Shields
  4528 | D:6      | Slain by an iguana

Illustrated notes

Levels and vault maps discovered:
D:1:      spicycebolla_arrival_clurvy, layout_loops_cross, serial_rivers,
          chequers_serial_rivers_micro_b, chequers_serial_rivers_room_b,
          chequers_serial_rivers_micro_a, chequers_serial_rivers_micro_e
D:2:      layout_loops_ring, basic_altar
D:3:      layout_basic, overflow_temple_1_default,
          nicolae_overflow_hidden_temple, kennysheep_jessica_study
D:4:      layout_loops_corners, minmay_temple_entry_trees,
          minmay_misc_feat_rugged, uniq_ijyb, uniq_duvessa
D:5:      layout_cave_pods, serial_shops, nicolae_shop_gibbet_a_chance,
          nicolae_shop_behind_doors, uniq_sigmund
D:6:      layout_cave_pools, serial_shops, shop, minmay_misc_feat_roman,
          minmay_splitting_lines

Skill      XL: |  1  2  3  4  5  6  7  8 |
---------------+-------------------------+-----
Long Blades    | 4 |  4.0
Fighting       | 3 |  3.0
Shields        | 1 2 3 5 |  5.0
Short Blades   | 1 2 3 4 5 |  5.9
Throwing       | 3 4 5 |  5.7
Dodging        | 5 6 7 8 |  8.2

Action                     |  1- 3 |  4- 6 |  7- 9 || total
---------------------------+-------+-------+-------++-------
  Melee: Long sword        |    97 |       |       ||    97
         Rapier            |     7 |    62 |    55 ||   124
  Throw: Dart              |       |     1 |       ||     1
         Javelin           |       |     1 |       ||     1
         Boomerang         |       |       |     6 ||     6
 Invoke: Dark Bargain      |       |       |     1 ||     1
   Stab: Sleeping          |       |     2 |     2 ||     4
 Armour: Leather armour    |    42 |    10 |     4 ||    56
  Dodge: Dodged            |    68 |    25 |    21 ||   114
  Block: Kite shield       |    24 |    29 |    21 ||    74

Table legend: (Time is in decaauts)
 A = Elapsed time spent in this place.
 B = Non-inter-level travel time spent in this place.
 C = Inter-level travel time spent in this place.
 D = Time resting spent in this place.
 E = Time spent auto-exploring this place.
 F = Levels seen in this place.
 G = Mean time per level.
                   A        B        C        D        E       F      G
               +--------+--------+--------+--------+--------+-----+--------+
         Total |   4575 |   4421 |    154 |    266 |   3385 |   6 |  762.5 |
       Dungeon |   4575 |   4421 |    154 |    266 |   3385 |   6 |  762.5 |
               +--------+--------+--------+--------+--------+-----+--------+

Top non-repeatable levels by time:
     D:3: 1070 daAuts
     D:4: 869 daAuts
     D:2: 866 daAuts
     D:5: 761 daAuts
     D:1: 691 daAuts
     D:6: 316 daAuts
